Map: Thunderbird LE

Players

Djorn - Winner!

  • Race: Protoss Protoss
  • League: Bronze
  • Spawn Location: 11:00

byCesar

  • Race: Terran Terran
  • Spawn Location: 5:00

VOD

Have the link to the VOD?

Description

Time

  • Played on: Aug. 25, 2019, 5:18 p.m.
  • Length: 14:47
Show
View Real Time Build Order
Export as new Build Order

Djorn Protoss - Winner!

Build Orders:  

Get SALT Encoding   

  12  0:02  Probe  
  13  0:22  Pylon  
  13  0:29  Probe  
  14  0:37  Probe  
  15  0:44  Gateway  
  15  0:45  Probe  
  16  0:52  Assimilator  
  16  0:57  Probe  
  17  1:06  Pylon  
  17  1:09  Probe  
  18  1:21  Probe  
  19  1:33  Probe  
  19  1:36  Cybernetics Core  
  20  1:45  Pylon, Probe  
  21  1:57  Warp Gate, Gateway, Probe  
  22  2:23  Gateway  
  22  2:25  Gateway  
  22  2:32  Pylon  
  22  2:35  Pylon  
  22  2:38  Assimilator, Stalker  
  22  2:40  Probe  
  25  2:52  Probe  
  26  3:29  Twilight Council  
  26  3:47  Stalker  
  26  3:48  Stalker x3  
  34  3:59  Charge  
  34  4:05  Pylon  
  34  4:13  Zealot x2  
  34  4:14  Zealot x2  
  42  4:23  Pylon  
  42  4:25  Pylon  
  42  4:35  Robotics Facility  
  42  4:38  Zealot x2  
  46  5:05  Zealot  
  46  5:06  Zealot  
  50  5:32  Stalker x2  
  50  5:33  Stalker  
  56  5:36  Observer  
  57  5:51  Blink  
  57  5:56  Stalker  
  59  5:57  Observer, Stalker  
  62  6:15  Nexus  
  62  6:21  Stalker  
  62  6:22  Stalker  
  66  6:31  Zealot  
  68  6:40  Forge  
  68  6:49  Pylon  
  68  7:30  Zealot  
  68  7:31  Zealot x2  
  68  7:34  Immortal  
  78  7:40  Probe  
  79  7:47  Observer  
  79  7:52  Probe  
  80  8:00  Probe  
  81  8:08  Probe  
  81  8:11  Warp Prism  
  82  8:18  Probe  
  85  8:31  Probe  
  86  8:43  Dark Shrine  
  86  8:56  Templar Archives  
  86  9:00  Pylon  
  86  9:02  Stalker  
  86  9:03  Stalker x3  
  94  9:41  Immortal  
  98  9:55  Zealot x4  
  106  10:04  Assimilator  
  106  10:06  Assimilator  
  106  10:20  Immortal  
  110  10:32  Dark Templar x2  
  102  10:38  Zealot x2  
  88  10:59  Immortal  
  88  11:00  Zealot x2  
  84  11:24  Gateway  
  84  11:27  Gateway  
  84  11:28  Gateway  
  84  11:32  Gateway  
  84  11:38  Observer, Stalker x2  
  84  11:39  Immortal  
  92  11:40  Stalker  
  68  12:46  Dark Templar x6  
  76  13:10  Stalker x2  
  78  13:42  Observer  
Show
View Real Time Build Order
Export as new Build Order

byCesar Terran 

Build Orders:  

Get SALT Encoding   

  12  0:06  SCV  
  13  0:18  SCV  
  14  0:25  Supply Depot  
  14  0:31  SCV  
  15  0:50  Barracks  
  15  0:58  Supply Depot  
  15  1:00  Refinery  
  15  1:02  SCV  
  16  1:14  SCV  
  17  1:25  Supply Depot  
  17  1:26  SCV  
  18  1:37  Refinery  
  18  1:39  SCV  
  19  1:50  Barracks  
  19  1:51  SCV  
  20  1:56  Supply Depot  
  20  2:00  Marine  
  21  2:18  Marine  
  22  2:27  Supply Depot  
  22  2:36  Marine  
  23  3:04  Factory  
  23  3:05  Barracks Tech Lab  
  23  3:07  Barracks Reactor  
  23  3:16  Orbital Command  
  23  3:56  Marine x2  
  23  4:01  Marauder  
  27  4:09  Supply Depot  
  27  4:13  Marine, Factory Tech Lab  
  27  4:14  Marine  
  29  4:22  Marauder  
  31  4:31  Marine x2  
  31  4:35  Cyclone  
  36  4:44  Marauder  
  38  4:47  Concussive Shells  
  38  4:49  Marine x2  
  40  5:03  Engineering Bay  
  40  5:18  Reaper  
  41  5:29  Combat Shield  
  41  5:35  Starport  
  41  5:44  Marauder  
  43  6:06  Marauder  
  45  6:29  Starport Tech Lab  
  45  6:31  Supply Depot  
  45  6:34  Siege Tank  
  47  7:02  Ghost Academy  
  47  7:06  Siege Tank  
  50  7:38  Siege Tank  
  50  7:42  Sensor Tower  
  53  7:54  Ghost  
  53  7:58  Personal Cloaking  
  55  8:23  Ghost  
  57  8:36  Command Center  
  57  8:51  Marine x2  
  59  9:09  Marine x2  
  61  9:24  Nuke  
  61  9:27  Marine x2  
  63  9:36  Medivac  
  65  9:44  Marine  
  65  9:45  Marine  
  67  10:03  SCV  
  67  10:06  Medivac  
  70  10:15  SCV  
  71  10:28  SCV  
  65  10:40  SCV  
  48  11:15  SCV  
  49  11:27  SCV  
  50  11:36  Marine  
  50  11:37  Marine  
  50  11:39  SCV  
  53  11:51  SCV  
  54  11:54  Marine x2  
  51  12:03  SCV  
  39  12:12  Marine x2  
  36  12:30  Marine x2  
  32  12:48  Marine x2  
  31  13:05  Marine  
  31  13:06  Marine  
Tags
 
League
Bronze
Matchup
PvT
Replay Pack
sc2replays
Spawn Locations
Cross Positions
Add a new tag
Caveats
  • Supply blocks, unpowered buildings, or Contaminate may cause inaccurate times.
  • Supply counts are checked every 10 seconds.